 Dungeon Crawl Stone Soup version 0.24.1-14-gf8d2b509d9 (webtiles) character file.

Game seed: 15757601477385811811, levelgen mode: deterministic

12231 Spinowolf the Spear-Bearer (level 11, -8/90 HPs)
             Began as a Minotaur Chaos Knight on Nov 16, 2021.
             Was a Plaything of Xom.
             Mangled by an ice devil (19 damage)
             ... summoned by a deep elf mage
             ... on level 10 of the Dungeon.
             The game lasted 01:31:59 (8466 turns).

Spinowolf the Spear-Bearer (Minotaur Chaos Knight)  Turns: 8466, Time: 01:32:03

Health: -8/90      AC: 11    Str: 20    XL:     11   Next: 59%
Magic:  7/12       EV: 16    Int: 14    God:    Xom [...*..]
Gold:   458        SH:  0    Dex: 15    Spells: 9/12 levels left

rFire    + . .     SeeInvis .   x - +5 trident (flame)
rCold    . . .     Gourm    .   (no shield)
rNeg     . . .     Faith    .   b - +3 leather armour
rPois    .         Spirit   .   (helmet restricted)
rElec    +         Reflect  .   (no cloak)
rCorr    .         Harm     .   e - +1 pair of gloves
MR       .....                  (no boots)
Stlth    +++.......             i - amulet of regeneration
HPRegen  0.65/turn              d - +3 ring of strength
MPRegen  0.13/turn              y - +2 ring of protection

@: brilliant, about to teleport, drained
A: retaliatory headbutt, horns 2, agile 1, fire resistance 1, frail 1,
electricity resistance
a: Renounce Religion


You were on level 10 of the Dungeon.
You worshipped Xom.
You were a favourite toy of Xom.
You were not hungry.

You visited 2 branches of the dungeon, and saw 11 of its levels.

You collected 458 gold pieces.

Inventory:

Hand Weapons
 a - a +1 spear of chaos
 v - a +2 battleaxe of flaming
 x - a +5 trident of flaming (weapon)
Armour
 b - a +3 leather armour (worn)
 e - a +1 pair of gloves (worn)
 f - a +0 pair of gloves
 k - a +0 buckler
Magical Staves
 C - an uncursed staff of cold
Jewellery
 d - a +3 ring of strength (left hand)
 i - an amulet of regeneration (around neck)
 j - an uncursed ring of protection from magic
 w - an uncursed ring of magical power
 y - a +2 ring of protection (right hand)
Wands
 n - a wand of polymorph (17)
 p - a wand of random effects (9)
 u - a wand of enslavement (5)
Scrolls
 h - a scroll of noise
 l - a scroll of fog
 o - 3 scrolls of fear
 q - 6 scrolls of remove curse
 r - 2 scrolls of teleportation
 B - a scroll of summoning
Potions
 g - 2 potions of might
 m - a potion of berserk rage
 s - a potion of curing
 t - a potion of magic
 A - a potion of agility
Comestibles
 c - 13 rations


   Skills:
 + Level 10.7(9.4) Fighting
 + Level 3.5(7.8) Axes
 + Level 12.6(11.4) Polearms
 + Level 7.1(6.0) Armour
 + Level 8.3(7.1) Dodging
 + Level 5.8(4.7) Stealth
 - Level 4.0(3.0) Shields
 + Level 1.3(0.3) Spellcasting
 + Level 1.1(0.1) Conjurations
 + Level 1.1(0.1) Fire Magic
 + Level 0.1(0.0) Evocations


You had 9 spell levels left.
You knew the following spells:

 Your Spells              Type           Power        Failure   Level  Hunger
a - Throw Flame           Conj/Fire      #.....       5%          2    ###....
b - Sting                 Conj/Pois      #...         3%          1    ##.....

Your spell library contained the following spells:

 Spells                   Type           Power        Failure   Level  Hunger
 Flame Tongue             Conj/Fire      #....        3%          1    ##.....
 Shock                    Conj/Air       #...         3%          1    ##.....
 Poisonous Vapours        Pois/Air       #.....       5%          2    ###....
 Swiftness                Chrm/Air       #.......     5%          2    ###....
 Conjure Flame            Conj/Fire      #.......     10%         3    ####...
 Inner Flame              Hex/Fire       #.......     11%         3    ####...
 Mephitic Cloud           Conj/Pois/Air  #.......     11%         3    ####...
 Static Discharge         Conj/Air       #.......     11%         3    ####...
 Sticky Flame             Conj/Fire      #.......     28%         4    #####..
 Airstrike                Air            #.........   30%         4    #####..
 Olgreb's Toxic Radiance  Pois           #.......     30%         4    #####..
 Fireball                 Conj/Fire      #.........   56%         5    ######.
 Lightning Bolt           Conj/Air       #.........   58%         5    ######.
 Venom Bolt               Conj/Pois      #.........   58%         5    ######.


Dungeon Overview and Level Annotations

Branches:
Dungeon (10/15)            Temple (1/1) D:6
   Lair: D:8-11         Orc: D:9-12

Altars:
Ashenzari
Cheibriados
Dithmenos
Elyvilon
Fedhas
Gozag
Hepliaklqana
Kikubaaqudgha
Makhleb
Okawaru
Qazlal
Ru
Sif Muna
Trog
Uskayaw
Vehumet
Xom
Yredelemnul
The Shining One


Innate Abilities, Weirdness & Mutations

You reflexively headbutt those who attack you in melee.
You have a pair of horns on your head.
You are agile. (Dex +2)
Your flesh is heat resistant. (rF+)
You are frail. (-10% HP)
You are resistant to electric shocks. (rElec)


Message History

As you read the scroll of teleportation, it crumbles to dust.
You feel strangely unstable. "Serve the toy, my child!"
The ice devil closely misses you. You furiously retaliate!
You headbutt the ice devil, but do no damage. "Go forth and destroy!"
You feel clever all of a sudden. The ice devil hits you!
The ice devil freezes you!
* * * LOW HITPOINT WARNING * * *
The orc knight is engulfed in a cloud of scalding steam.
The orc knight roars a battlecry!
You hit the demonic crawler but do no damage.
The demonic crawler misses you. The demonic crawler hits you.
* * * LOW HITPOINT WARNING * * *
The demonic crawler hits you but does no damage.
The ice devil hits you.
* * * LOW HITPOINT WARNING * * *
The ice devil freezes you!!
You die...
Xom roars with laughter!

......#........#....##.
##...#..
......#........#....#..
#...#..
....(.#........#...##.
##..#..
......#........#...#.#
#..#..
......#........#..##.#
##.#..
(..((.#...........#..# ##.
#....
.(.((.#######...###rr#.....
###..
(..)#+#..##...###4eoOG.....
###
###)#.......####@s#.#.#.#.#
# #)#.....#####.5##.yG..
#.+...###.##..##o#.o....
###.#.##'...#..## S #..#..#
....#...###..)## y# .....#
....#.....###....# .....?
....#.......###..# #.#( #
....#.........###..( ###
....#...........###.# ###..


You could see an orc knight, a demonic crawler, an ice devil, a deep elf mage,
an eye of draining, an ogre, 2 hell rats and a friendly crimson imp.

Vanquished Creatures
  6 two-headed ogres
  A salamander (shapeshifter) (D:6)
  An ugly thing (D:7)
  A troll (D:10)
  2 hornets
  3 hippogriffs
  A human (D:8)
  A wyvern (D:8)
  8 yaks
  3 hogs (D:8)
  Grum (D:8)
  2 hungry ghosts
  A water moccasin (D:7)
  2 orc warriors
  2 sky beasts
  2 ice beasts
  2 phantoms
  8 ogres
  4 wolves (D:8)
  4 centaurs
  A big kobold (D:10)
  5 bullfrogs (D:9)
  A gnoll sergeant (D:9)
  7 scorpions
  A wight (D:9)
  4 crimson imps
  A centaur zombie (D:6)
  5 jellies
  2 bullfrog zombies
  2 hounds
  2 centaur skeletons
  3 orc priests
  A bullfrog skeleton (D:7)
  4 orc wizards
  Ijyb (D:5)
  2 iguanas
  A worker ant (D:5)
  A hound zombie (D:8)
  A howler monkey zombie (D:6)
  16 gnolls
  4 adders
  3 shadow imps
  An ooze (D:3)
  2 adder zombies
  An adder skeleton (D:7)
  A worm (D:6)
  2 dart slugs
  2 leopard geckos
  26 orcs
  A ball python (D:2)
  10 bats
  5 giant cockroaches
  5 goblins
  2 hobgoblins
  5 quokkas
  2 frilled lizards (D:2)
  13 kobolds
  A rat (D:1)
  A bush (D:3)
  A fire vortex (D:9)
204 creatures vanquished.

Vanquished Creatures (collateral kills)
  A hippogriff (D:10)
  An ogre (D:10)
  An orc priest (D:6)
  3 orcs (D:6)
6 creatures vanquished.

Vanquished Creatures (others)
  An unseen horror (D:10)
  A vampire (D:10)
2 creatures vanquished.

Grand Total: 212 creatures vanquished

Notes
Turn   | Place    | Note
-------+----------+-------------------------------------------
     0 | D:1      | Spinowolf the Minotaur Chaos Knight began the quest for the
                  | Orb.
     0 | D:1      | Reached XP level 1. HP: 19/19 MP: 0/0
    67 | D:1      | XOM: potion effect (brilliance)
   116 | D:1      | Reached skill level 4 in Polearms
   142 | D:1      | Reached XP level 2. HP: 27/27 MP: 1/1
   201 | D:1      | XOM: harmless Conj miscast
   267 | D:1      | XOM: silly message
   442 | D:1      | XOM: harmless Summ miscast
   666 | D:1      | XOM is BORED!
   666 | D:1      | XOM: harmless Necr miscast
   815 | D:1      | XOM: mild Hex miscast
   946 | D:2      | XOM is BORED!
   946 | D:2      | XOM: torment (15/27 hp)
  1146 | D:2      | XOM: severe Necr miscast
  1367 | D:2      | XOM: confusion
  1387 | D:2      | Reached XP level 3. HP: 33/34 MP: 2/2
  1389 | D:2      | Found a basalt altar of Yredelemnul.
  1508 | D:2      | Gained mutation: Your muscles are strong. (Str +2) [potion
                  | of mutation]
  1508 | D:2      | Gained mutation: You have a pair of large horns on your
                  | head. [potion of mutation]
  1754 | D:2      | XOM: harmless Tmut miscast
  1963 | D:3      | XOM: 1-stop teleportation journey
  2092 | D:3      | Found a stormy altar of Qazlal.
  2107 | D:3      | Reached skill level 5 in Polearms
  2107 | D:3      | Reached XP level 4. HP: 34/41 MP: 3/3
  2174 | D:3      | Noticed a centaur
  2174 | D:3      | XOM: give mutation
  2174 | D:3      | Gained mutation: Your body sometimes deteriorates upon
                  | taking damage. [Xom's mischief]
  2176 | D:3      | XOM: enchant monster (bad)
  2182 | D:3      | Killed a centaur
  2182 | D:3      | Reached skill level 5 in Fighting
  2182 | D:3      | Reached XP level 5. HP: 32/48 MP: 4/4
  2327 | D:3      | Found a blossoming altar of Fedhas.
  2400 | D:3      | Noticed a hornet
  2407 | D:3      | Killed a hornet
  2407 | D:3      | Reached skill level 6 in Polearms
  2407 | D:3      | Reached XP level 6. HP: 38/57 MP: 5/5
  2473 | D:3      | XOM: summons 3 hostile demons
  2474 | D:3      | Noticed a chaos spawn
  2478 | D:3      | HP: 1/57 [chaos spawn[Xom] (15)]
  2959 | D:4      | XOM: 1-stop teleportation journey
  2984 | D:4      | You fall into a shaft and drop 1 floor!
  2984 | D:5      | Entered Level 5 of the Dungeon
  2994 | D:5      | Noticed Ijyb
  3009 | D:5      | XOM: noise
  3013 | D:5      | Killed Ijyb
  3016 | D:5      | Reached XP level 7. HP: 60/63 MP: 6/6
  3021 | D:5      | XOM: medium Air miscast
  3037 | D:5      | Reached skill level 7 in Polearms
  3102 | D:5      | XOM: harmless Necr miscast
  3258 | D:5      | XOM: potion effect (heal wounds)
  3259 | D:5      | XOM: confuse monster(s)
  3273 | D:5      | XOM: 1-stop teleportation journey
  3278 | D:5      | XOM: 2-stop teleportation journey
  3290 | D:5      | Reached skill level 1 in Stealth
  3308 | D:5      | XOM: give mutation
  3308 | D:5      | Gained mutation: You passively map a small area around you.
                  | [Xom's grace]
  3505 | D:5      | Learned a level 2 spell: Throw Flame
  3669 | D:5      | XOM: cloud trail
  3801 | D:5      | Reached skill level 8 in Polearms
  3801 | D:5      | Reached XP level 8. HP: 63/73 MP: 7/7
  4097 | D:6      | Found a white marble altar of Elyvilon.
  4098 | D:6      | Found a shattered altar of Ashenzari.
  4100 | D:6      | Found a sacrificial altar of Ru.
  4100 | D:6      | Found a hide-covered altar of Uskayaw.
  4104 | D:6      | Found a glowing golden altar of the Shining One.
  4104 | D:6      | XOM: 3-stop teleportation journey
  4132 | D:6      | XOM: medium Tloc miscast
  4321 | D:6      | Found a staircase to the Ecumenical Temple.
  4322 | D:6      | XOM: cast spell 'Alistair's Intoxication'
  4347 | Temple   | Entered the Ecumenical Temple
  4461 | D:6      | Noticed a shapeshifter
  4461 | D:6      | an ice beast changed into a shapeshifter
  4461 | D:6      | XOM: polymorph ice beast -> shapeshifter
  4461 | D:6      | a shapeshifter changed into a black bear
  4470 | D:6      | Noticed a shapeshifter
  4470 | D:6      | a black bear changed into a shapeshifter
  4470 | D:6      | Noticed a salamander
  4470 | D:6      | a shapeshifter changed into a salamander
  4479 | D:6      | Killed a salamander
  4479 | D:6      | Reached skill level 5 in Armour
  4507 | D:6      | Lost mutation: Your muscles are strong. (Str +2) [potion of
                  | mutation]
  4507 | D:6      | Lost mutation: Your body sometimes deteriorates upon taking
                  | damage. [potion of mutation]
  4507 | D:6      | Lost mutation: You have a pair of large horns on your head.
                  | [potion of mutation]
  4507 | D:6      | Lost mutation: You passively map a small area around you.
                  | [potion of mutation]
  4507 | D:6      | Gained mutation: You possess an exceptional clarity of
                  | mind. [potion of mutation]
  4507 | D:6      | Gained mutation: Your flesh is heat resistant. (rF+)
                  | [potion of mutation]
  4584 | D:6      | Reached skill level 9 in Polearms
  4622 | D:6      | Reached skill level 1 in Shields
  4648 | D:6      | Found a burning altar of Makhleb.
  4836 | D:6      | Reached skill level 5 in Dodging
  4876 | D:6      | XOM: mild Chrm miscast
  5136 | D:6      | XOM: polymorph orc wizard -> iguana
  5137 | D:6      | XOM: enchant monster (good)
  5215 | D:6      | Noticed a hippogriff
  5227 | D:6      | XOM: enchant monster (good)
  5232 | D:6      | Reached XP level 9. HP: 68/81 MP: 8/8
  5369 | D:6      | XOM: butterfly on damage
  5605 | D:7      | XOM: enchant monster (bad)
  5607 | D:7      | XOM: divination: detect items
  5715 | D:7      | Reached skill level 10 in Polearms
  5717 | D:7      | Found a shattered altar of Ashenzari.
  5726 | D:7      | XOM: divination: detect creatures
  5797 | D:7      | Noticed a green ugly thing
  5822 | D:7      | Killed a brown ugly thing
  5835 | D:7      | XOM: harmless Chrm miscast
  6146 | D:8      | XOM: stealth player
  6210 | D:8      | Noticed Grum
  6224 | D:8      | Killed Grum
  6253 | D:8      | Noticed a two-headed ogre
  6258 | D:8      | XOM: cast spell 'Olgreb's Toxic Radiance'
  6264 | D:8      | Killed a two-headed ogre
  6264 | D:8      | Reached XP level 10. HP: 43/91 MP: 10/10
  6279 | D:8      | Reached skill level 11 in Polearms
  6390 | D:8      | Noticed a two-headed ogre
  6398 | D:8      | XOM: potion effect (might)
  6421 | D:8      | Killed a two-headed ogre
  6470 | D:8      | Noticed a two-headed ogre
  6481 | D:8      | Killed a two-headed ogre
  6621 | D:8      | Found an iron altar of Okawaru.
  6736 | D:8      | XOM: harmless Pois miscast
  6871 | D:8      | XOM: mild Air miscast
  6875 | D:8      | Reached skill level 5 in Stealth
  6886 | D:8      | XOM: potion effect (heal wounds)
  7023 | D:9      | Reached skill level 1 in Conjurations
  7023 | D:9      | Reached skill level 1 in Fire Magic
  7038 | D:9      | Reached skill level 10 in Fighting
  7048 | D:9      | Noticed a two-headed ogre
  7077 | D:9      | Killed a two-headed ogre
  7077 | D:9      | Reached skill level 12 in Polearms
  7077 | D:9      | Reached skill level 1 in Spellcasting
  7077 | D:9      | Reached XP level 11. HP: 51/99 MP: 11/11
  7155 | D:9      | Reached skill level 1 in Axes
  7474 | D:9      | XOM: confuse monster(s)
  7482 | D:9      | XOM: severe Tloc miscast
  7494 | D:9      | XOM: give mutations
  7494 | D:9      | Lost mutation: You possess an exceptional clarity of mind.
                  | [Xom's mischief]
  7494 | D:9      | Gained mutation: You are frail. (-10% HP) [Xom's mischief]
  7494 | D:9      | Gained mutation: You are resistant to electric shocks.
                  | (rElec) [Xom's mischief]
  7494 | D:9      | Gained mutation: You are agile. (Dex +2) [Xom's mischief]
  7626 | D:9      | XOM: mild Fire miscast
  7905 | D:10     | Entered Level 10 of the Dungeon
  8026 | D:10     | Noticed a two-headed ogre
  8029 | D:10     | Learned a level 1 spell: Sting
  8031 | D:10     | XOM: summons 5 friendly demons
  8035 | D:10     | Killed a two-headed ogre
  8176 | D:10     | Found a shimmering blue altar of Sif Muna.
  8231 | D:10     | Noticed a two-headed ogre
  8253 | D:10     | Killed a two-headed ogre
  8446 | D:10     | Noticed a deep elf mage
  8447 | D:10     | Noticed an orc knight
  8463 | D:10     | Killed an unseen horror
  8464 | D:10     | XOM: summons friendly crimson imp
  8465 | D:10     | XOM: potion effect (brilliance)
  8466 | D:10     | Mangled by an ice devil

Levels and vault maps discovered:
D:1:      evilmike_arrival_hilbert_curve, layout_loops_ring,
          serial_bayou_lagoon_a, chequers_serial_rivers_micro_c
D:2:      minmay_door_path, layout_basic, yredelemnul_altar_generic
D:3:      layout_loops_cross, grunt_temple_overflow_forces_of_nature,
          first_ration, glass_columns_a
D:4:      layout_basic, serial_shops, shop, kennysheep_small_circle, uniq_pikel,
          uniq_crazy_yiuf_cottage
D:5:      layout_cave_pools, uniq_ijyb
D:6:      layout_basic, chequers_temple_overflow_statue_of_worship,
          marbit_many_paths, kennysheep_little_box,
          minmay_temple_entry_mini_moons
D:7:      layout_rooms, basic_altar
D:8:      layout_basic, grunt_livestock, okawaru_altar_gauntlet_db, uniq_grum
D:9:      minmay_slanted_spiral_squares, layout_cave_pools
D:10:     minmay_the_grid_four_pointed_star_mashed
          [minmay_the_grid_triangle_9x9_semitri,
          minmay_the_grid_triangle_9x9_stretched_checkered,
          minmay_the_grid_triangle_9x9_descending_squares,
          minmay_the_grid_triangle_9x9_intruding_spiral,
          minmay_the_grid_prize_big_room], layout_stronghold, basic_altar
Temple:   eino_narrow_crystal_temple

Skill      XL: |  1  2  3  4  5  6  7  8  9 10 11 |
---------------+----------------------------------+-----
Polearms       | 4 5 6 8 9 10 12 | 12.6
Fighting       | 4 5 6 7 8 9 10 | 10.7
Armour         | 3 4 5 6 7 |  7.1
Dodging        | 2 3 5 6 7 8 |  8.3
Stealth        | 1 2 4 5 |  5.8
Shields        | 1 2 3 4 |  4.0
Conjurations   | 1 |  1.1
Fire Magic     | 1 |  1.1
Spellcasting   | 1 |  1.3
Axes           | 3 |  3.5
Evocations     | |  0.1

Action                   |  1- 3 |  4- 6 |  7- 9 | 10-12 || total
-------------------------+-------+-------+-------+-------++-------
Melee: Spear             |    69 |    92 |   307 |   184 ||   652
       Headbutt          |     9 |    28 |    69 |    66 ||   172
       Trident           |       |       |       |   106 ||   106
       Battleaxe         |       |       |       |    13 ||    13
 Cast: Throw Flame       |       |       |     3 |     7 ||    10
Evoke: Wand              |       |       |       |     2 ||     2
  Use: Scroll            |     6 |     1 |     7 |     4 ||    18
       Potion            |     5 |     1 |     4 |     6 ||    16
 Stab: Sleeping          |       |       |     3 |     2 ||     5
       Confused          |       |       |     4 |     1 ||     5
       Distracted        |       |       |     1 |       ||     1
       Petrified         |       |       |     4 |       ||     4
       Petrifying        |       |       |     2 |     1 ||     3
       Paralysed         |       |       |     1 |     6 ||     7
  Eat: Ration            |     1 |     1 |     4 |     5 ||    11
       Chunk             |       |       |       |     2 ||     2
Armor: Leather armour    |    27 |    20 |    53 |    64 ||   164
Dodge: Dodged            |    49 |    30 |   118 |   183 ||   380
Block: Buckler           |       |       |    29 |    16 ||    45
